 Dungeon Crawl Stone Soup version 0.29-a0-553-g81b289dbe5 (webtiles) character file.

Game seed: 10896954724003857823

119 Nedwor the Chopper (level 4, 0/41 HPs)
             Began as a Minotaur Berserker on June 7, 2022.
             Was a Believer of Trog.
             Slain by a water moccasin (7 damage)
             ... on level 3 of the Dungeon.
             The game lasted 00:02:41 (2139 turns).

Nedwor the Chopper (Minotaur Berserker)             Turns: 2139, Time: 00:02:42

Health: 0/41       AC:  5    Str: 23    XL:     4   Next: 73%
Magic:  3/3        EV: 11    Int:  4    God:    Trog [**....]
Gold:   145        SH:  0    Dex: 10    Spells: 3/3 levels left

rFire   . . .      SeeInvis .   a - +0 hand axe
rCold   . . .      Faith    .   (no shield)
rNeg    . . .      Spirit   .   g - +0 ring mail {rPois}
rPois   +          Reflect  .   (helmet restricted)
rElec   .          Harm     .   (no cloak)
rCorr   .          Rampage  .   (no gloves)
Will    .....                   (no boots)
Stlth   ..........              (no amulet)
HPRegen 0.13/turn               (no ring)
MPRegen 0.08/turn               (no ring)

@: no status effects
A: horns 2, retaliatory headbutt
a: Renounce Religion, Berserk, Trog's Hand


You were on level 3 of the Dungeon.
You worshipped Trog.
Trog was pleased with you.
You visited 1 branch of the dungeon, and saw 3 of its levels.

You collected 145 gold pieces.

Inventory:

Hand Weapons
 a - a +0 hand axe (weapon)
 h - a +0 club
Armour
 g - a +0 ring mail of poison resistance (worn)
Scrolls
 b - a scroll of fog {unknown}
 d - 2 scrolls of identify {unknown}
 f - a scroll of teleportation {unknown}
 j - a scroll of enchant weapon {unknown}
Potions
 c - a potion of haste {unknown}
 e - 2 potions of curing {unknown}
 i - 2 potions of might {unknown}
 k - 2 potions of heal wounds {unknown}


   Skills:
 + Level 4.3 Fighting
 * Level 5.1 Axes
 + Level 3.4 Armour
 + Level 3.1 Dodging


You had 3 spell levels left.
You didn't know any spells.
Your spell library was empty.

Dungeon Overview and Level Annotations

Branches:
Dungeon (3/15)

Altars:

Shops:
D:1 *


Innate Abilities, Weirdness & Mutations

You have a pair of horns on your head.
You reflexively headbutt those who attack you in melee.


Message History

You hit the hobgoblin.
You kill the hobgoblin!
Trog accepts your kill.
You feel sick. The water moccasin bites you.
You hit the water moccasin. You headbutt the water moccasin.
The water moccasin is heavily wounded.
You feel sick. The water moccasin closely misses you.
The water moccasin bites you.
A water moccasin is nearby!
You completely miss the water moccasin.
Your headbutt misses the water moccasin.
The water moccasin is heavily wounded.
You feel sick. The water moccasin closely misses you.
You are too injured to fight recklessly!
A water moccasin is nearby!
You are too injured to fight recklessly!
You are too injured to fight recklessly!
A water moccasin is nearby!
You are too injured to fight recklessly!
You feel sick. The water moccasin bites you.
You barely miss the water moccasin. You headbutt the water moccasin!
The water moccasin is severely wounded.
You feel sick. The water moccasin bites you.
You closely miss the water moccasin.
The water moccasin is severely wounded.
You feel sick. The water moccasin bites you.
* * * LOW HITPOINT WARNING * * *
The water moccasin bites you.
* * * LOW HITPOINT WARNING * * *
You closely miss the water moccasin.
Your headbutt misses the water moccasin.
The water moccasin is severely wounded.
You feel sick. The water moccasin closely misses you.
You hit the water moccasin.
Your headbutt misses the water moccasin.
The water moccasin is almost dead.
You feel sick.
You are no longer poisoned.
The water moccasin bites you!
You die...

#.## #.# #.#.........
#..# #.# #.#.........
##.# #.# #[##.#...###
#.# #.#####.##.#.###
#.########.......##.#.#
#...).†.......#
#.#.#####
##########.##.#
#.#)##... #.# #^#.##.##
########@# #.#.#...#
.......S†# #.:....
......†.....# #.###...#
..........#.# #........
..#######.# # ######.##
. .# #.# .# #.# .# #.#
#.#


You could see a water moccasin.

Vanquished Creatures
  Natasha (twice) (D:3)
  2 adders (D:2)
  3 dart slugs
  3 endoplasms
  4 giant cockroaches
  6 goblins
  2 hobgoblins
  A quokka (D:3)
  3 ball pythons
  6 bats
  3 frilled lizards
  6 kobolds
  6 rats
47 creatures vanquished.

Notes
Turn   | Place    | Note
-------+----------+-------------------------------------------
     0 | D:1      | Nedwor the Minotaur Berserker began the quest for the Orb.
     0 | D:1      | Reached XP level 1. HP: 19/19 MP: 0/0
   131 | D:1      | Found Munaanats's Assorted Antiques.
   174 | D:1      | Reached skill level 4 in Axes
   174 | D:1      | Reached XP level 2. HP: 23/27 MP: 1/1
  1110 | D:2      | Reached ** piety under Trog
  1140 | D:2      | Reached XP level 3. HP: 31/33 MP: 2/2
  1635 | D:2      | Found a faded altar of an unknown god.
  1734 | D:3      | Noticed Natasha
  1744 | D:3      | Killed Natasha
  1745 | D:3      | Reached XP level 4. HP: 13/40 MP: 3/3
  1758 | D:3      | Noticed Natasha
  1761 | D:3      | Killed Natasha
  1762 | D:3      | Reached skill level 5 in Axes
  2126 | D:3      | Noticed a water moccasin
  2139 | D:3      | Slain by a water moccasin

Illustrated notes

Levels and vault maps discovered:
D:1:      dpeg_arrival_fog, layout_basic, serial_shops,
          nicolae_shop_advertising_works [nicolae_subvault_shop_adworks],
          grunt_decor_mini_mirrors
D:2:      layout_basic, shapermc_ecumenical_altar_hornbeckon
D:3:      layout_loops_ring, uniq_terence, uniq_natasha

Skill      XL: |  1  2  3  4 |
---------------+-------------+-----
Axes           | 4 5 |  5.1
Fighting       | 4 |  4.3
Armour         | 3 |  3.4
Dodging        | 3 |  3.1

Action                   |  1- 3 |  4- 6 || total
-------------------------+-------+-------++-------
Melee: Hand axe          |    81 |    27 ||   108
       Headbutt          |    15 |     5 ||    20
Armor: Animal skin       |     4 |       ||     4
       Ring mail         |    17 |     4 ||    21
Dodge: Dodged            |    47 |    12 ||    59

Table legend: (Time is in decaauts)
 A = Elapsed time spent in this place.
 B = Non-inter-level travel time spent in this place.
 C = Inter-level travel time spent in this place.
 D = Time resting spent in this place.
 E = Time spent auto-exploring this place.
 F = Levels seen in this place.
 G = Mean time per level.
                   A        B        C        D        E       F      G
               +--------+--------+--------+--------+--------+-----+--------+
         Total |   2161 |   2016 |    145 |    248 |   1459 |   3 |  720.3 |
       Dungeon |   2161 |   2016 |    145 |    248 |   1459 |   3 |  720.3 |
               +--------+--------+--------+--------+--------+-----+--------+

Top non-repeatable levels by time:
     D:1: 1034 daAuts
     D:2: 672 daAuts
     D:3: 454 daAuts
